 Dungeon Crawl Stone Soup version 0.22.0 (console) character file.

523950 removed the Lord of Darkness (level 24, -3/191 HPs)
             Began as a Vampire Fire Elementalist on Aug 10, 2018.
             Was the Champion of Kikubaaqudgha.
             Slain by a thrashing horror (6 damage)
             ... while paralysed by accursed screaming
             ... on level 8 of a ziggurat on Aug 11, 2018.
             The game lasted 04:11:49 (85843 turns).

removed the Lord of Darkness (VpFE)                Turns: 85843, Time: 04:11:50

Health: -3/191     AC: 25    Str: 13    XL:     24   Next: 74%
Magic:  7/51       EV:  2    Int: 30    God:    Kikubaaqudgha [******]
Gold:   8252       SH:  0    Dex: 26    Spells: 13/53 levels left

rFire    + + .     SeeInvis +   b - +9 demon blade (pain)
rCold    + + .     Gourm    .   U - +2 shield of Resistance {rF+ rC+ MR+}
rNeg     + . .     Faith    .   l - +6 acid dragon scales
rPois    .         Spirit   .   T - +2 helmet {SInv}
rElec    .         Reflect  +   X - scarf {rC+ rF+}
rCorr    +         Harm     .   x - +2 pair of gloves {Dex+3}
MR       ++++.                  P - +4 pair of boots of Ofung {rCorr Str+6}
Stlth    +++.......             v - brooch of Shielding {Reflect SH+8}
HPRegen  0.00/turn              p - ring of Poopn {Int+5 Dex+5}
MPRegen  0.32/turn              s - ring "Xewniet" {MR+ MP+9 SInv}

@: paralysed, very slightly contaminated, non-regenerating, diseased, deflect
missiles
A: fangs 3, see invisible, unbreathing
}: 2/15 runes: serpentine, barnacled
a: Bat Form, Receive Corpses, Torment, Renounce Religion


You were on level 8 of a ziggurat.
You worshipped Kikubaaqudgha.
Kikubaaqudgha was exalted by your worship.
You were not thirsty.

You visited 9 branches of the dungeon, and saw 46 of its levels.
You visited 1 ziggurat, and saw 8 of its levels.
You also visited: Labyrinth, Trove and Wizlab.

You collected 10532 gold pieces.
You spent 2280 gold pieces at shops.

Inventory:

Hand Weapons
 b - a +9 demon blade of pain (weapon)
 g - a +0 blowgun
Missiles
 n - 12 throwing nets (quivered)
 D - 7 curare-tipped needles
Armour
 l - +6 acid dragon scales (worn)
 x - a +2 pair of gloves of dexterity (worn)
 P - the +4 pair of boots of Ofung (worn) {rCorr Str+6}
   (You found it in a treasure trove)

   It affects your strength (+6).
   It provides partial protection from all sources of acid and corrosion.
 T - a +2 helmet of see invisible (worn)
 U - the +2 shield of Resistance (worn) {rF+ rC+ MR+}
   (You took it off a deep elf annihilator on level 3 of the Elven Halls)

   It protects you from fire.
   It protects you from cold.
   It affects your resistance to hostile enchantments.
 X - a scarf of resistance (worn)
Magical Staves
 a - an uncursed staff of death {!a}
Jewellery
 f - the ring of Vaaxt {rF+ rC+}
   (You found it on level 3 of the Crypt)

   [ring of protection from fire]

   It protects you from fire.
   It protects you from cold.
 p - the ring of Poopn (left hand) {Int+5 Dex+5}
   (You took it off a deep elf demonologist on level 3 of the Elven Halls)

   [ring of dexterity]

   It affects your intelligence (+5).
   It affects your dexterity (+5).
 s - the ring "Xewniet" (right hand) {MR+ MP+9 SInv}
   (You bought it in a shop on level 8 of the Dungeon)

   [ring of see invisible]

   It affects your resistance to hostile enchantments.
   It affects your magic capacity (+9).
   It lets you see invisible.
 v - the brooch of Shielding (around neck) {Reflect SH+8}
   (You found it on level 15 of the Dungeon)

   [amulet of reflection]

   It shields you and reflects attacks.
   It affects your SH (+8).
 W - the ring "Asme" {rElec SInv}
   (You found it on level 3 of the Crypt)

   [ring of see invisible]

   It insulates you from electricity.
   It lets you see invisible.
 Y - the ring "Qenut" {rN+ Dex+8 SInv}
   (You found it on level 2 of a ziggurat)

   [ring of see invisible]

   It affects your dexterity (+8).
   It protects you from negative energy.
   It lets you see invisible.
Wands
 H - a wand of scattershot (22)
 L - a wand of digging (19)
 O - a wand of disintegration (22)
 S - a wand of paralysis (71)
 V - a wand of iceblast (82)
 Z - a wand of acid (13)
Scrolls
 e - 9 scrolls of magic mapping
 i - 7 scrolls of fog
 j - 22 scrolls of remove curse
 k - 22 scrolls of teleportation
 w - 6 scrolls of fear
 E - 3 scrolls of enchant armour
 G - 30 scrolls of identify
 I - 11 scrolls of blinking
 J - a scroll of summoning
 K - 3 scrolls of enchant weapon
Potions
 c - 40 potions of blood
 d - 4 potions of berserk rage
 h - 20 potions of curing
 o - 10 potions of might
 r - 6 potions of mutation
 u - 2 potions of magic
 y - 4 potions of cancellation
 z - 7 potions of heal wounds
 A - 8 potions of brilliance
 C - 9 potions of haste
 F - 7 potions of flight
 M - 5 potions of ambrosia
 N - 4 potions of agility
 Q - 2 potions of resistance
Miscellaneous
 R - 2 phantom mirrors


   Skills:
 - Level 16.1 Fighting
 - Level 14.0 Long Blades
 - Level 6.6 Armour
 - Level 17.0 Dodging
 - Level 3.0 Stealth
 - Level 15.0 Shields
 - Level 15.0 Spellcasting
 - Level 7.0 Conjurations
 - Level 12.0 Charms
 - Level 10.0 Summonings
 + Level 19.0 Necromancy
 - Level 3.0 Translocations
 - Level 5.1 Fire Magic
 - Level 10.0 Air Magic
 - Level 8.0 Earth Magic


You had 13 spell levels left.
You knew the following spells:

 Your Spells              Type           Power        Failure   Level  Hunger
c - Sticky Flame          Conj/Fire      ######..     2%          4    None
d - Bolt of Draining      Conj/Necr      #######...   1%          5    None
e - Regeneration          Chrm/Necr      #######...   0%          3    None
h - Haunt                 Necr/Summ      #######...   6%          7    #####..
l - Blink                 Tloc           N/A          1%          2    None
r - Deflect Missiles      Chrm/Air       ######....   4%          6    ###....
s - Swiftness             Chrm/Air       ######..     1%          2    None
u - Dispel Undead         Necr           #######.     1%          5    None
v - Borgnjor's Vile Clut  Necr/Erth      #######...   1%          5    None
A - Apportation           Tloc           #####.       1%          1    None

Your spell library contained the following spells:

 Spells                   Type           Power        Failure   Level  Hunger
 Cause Fear               Hex            ###.......   28%         4    None
 Magic Dart               Conj           ####         1%          1    None
 Fireball                 Conj/Fire      ######....   7%          5    None
 Conjure Flame            Conj/Fire      ######..     1%          3    None
 Bolt of Fire             Conj/Fire      ######....   36%         6    ###....
 Lightning Bolt           Conj/Air       ######....   2%          5    None
 Bolt of Magma            Conj/Fire/Erth ######....   5%          5    None
 Slow                     Hex            ###.....     4%          2    None
 Confuse                  Hex            ###.....     9%          3    None
 Invisibility             Hex            ###.....     99%         6    ###....
 Throw Flame              Conj/Fire      ######       1%          2    None
 Mephitic Cloud           Conj/Pois/Air  ######..     1%          3    None
 Ring of Flames           Chrm/Fire      ######....   58%         7    #####..
 Venom Bolt               Conj/Pois      #####.....   19%         5    None
 Death's Door             Chrm/Necr      #######...   32%         8    ######.
 Summon Small Mammal      Summ           ####         1%          1    None
 Animate Dead             Necr           N/A          0%          4    None
 Pain                     Necr           ####         0%          1    None
 Animate Skeleton         Necr           N/A          0%          1    None
 Vampiric Draining        Necr           #######...   0%          3    None
 Borgnjor's Revivificati  Necr           #######...   8%          8    ######.
 Summon Ice Beast         Ice/Summ       ######..     3%          4    None
 Call Imp                 Summ           ######..     1%          2    None
 Sting                    Conj/Pois      ####         1%          1    None
 Sublimation of Blood     Necr           #######...   0%          2    None
 Summon Demon             Summ           ######....   1%          5    None
 Corpse Rot               Necr           N/A          0%          2    None
 Iron Shot                Conj/Erth      ######....   21%         6    ###....
 Stone Arrow              Conj/Erth      ######       1%          3    None
 Shock                    Conj/Air       ####         1%          1    None
 Recall                   Summ/Tloc      N/A          1%          3    None
 Spider Form              Tmut/Pois      ###.......   9%          3    None
 Blade Hands              Tmut           ###.......   63%         5    None
 Statue Form              Tmut/Erth      #####....    65%         6    ###....
 Ice Form                 Ice/Tmut       ###.....     28%         4    None
 Necromutation            Tmut/Necr      ######....   98%         8    ######.
 Death Channel            Necr           #######...   1%          6    ###....
 Airstrike                Air            ######....   1%          4    None
 Shadow Creatures         Summ           N/A          8%          6    ###....
 Confusing Touch          Hex            ###...       3%          1    None
 Flame Tongue             Conj/Fire      #####        1%          1    None
 Passwall                 Tmut/Erth      #####...     1%          2    None
 Ignite Poison            Fire/Tmut/Pois ####....     4%          3    None
 Sticks to Snakes         Tmut           ###.....     4%          2    None
 Call Canine Familiar     Summ           ######..     1%          3    None
 Ensorcelled Hibernation  Hex/Ice        ###...       4%          2    None
 Metabolic Englaciation   Hex/Ice        ###.......   63%         5    None
 Silence                  Hex/Air        ######....   11%         5    None
 Shatter                  Erth           ######....   100%        9    #######
 Static Discharge         Conj/Air       ######..     1%          3    None
 Alistair's Intoxication  Tmut/Pois      ###.....     63%         5    None
 Lee's Rapid Deconstruct  Erth           ######....   3%          5    None
 Simulacrum               Ice/Necr       ######....   9%          6    ###....
 Conjure Ball Lightning   Conj/Air       ######....   14%         6    ###....
 Petrify                  Tmut/Erth      #####...     5%          4    None
 Passage of Golubria      Tloc           N/A          9%          4    None
 Orb of Destruction       Conj           ######....   80%         7    #####..
 Tornado                  Air            ######....   100%        9    #######
 Leda's Liquefaction      Hex/Erth       #####.....   5%          4    None
 Darkness                 Hex            ###.......   99%         6    ###....
 Inner Flame              Hex/Fire       #####...     3%          3    None
 Aura of Abjuration       Summ           ######....   1%          5    None
 Beastly Appendage        Tmut           ###...       3%          1    None
 Iskenderun's Battlesphe  Conj/Chrm      ######..     1%          5    None
 Spectral Weapon          Hex/Chrm       ######..     1%          3    None
 Discord                  Hex            ###.......   100%        8    ######.
 Summon Forest            Summ/Tloc      ######....   5%          5    None
 Summon Lightning Spire   Summ/Air       ######..     1%          4    None
 Summon Guardian Golem    Hex/Summ       ######..     1%          3    None
 Dragon's Call            Summ           ######....   100%        9    #######
 Spellforged Servitor     Conj/Summ      ######....   58%         7    #####..
 Summon Mana Viper        Hex/Summ       ######..     11%         5    None
 Irradiate                Conj/Tmut      #####.....   19%         5    None
 Gell's Gravitas          Tloc           #####.....   2%          3    None
 Yara's Violent Unravell  Hex/Tmut       ###.......   63%         5    None
 Infestation              Necr           #######...   8%          8    ######.
 Ignition                 Fire           ######....   100%        8    ######.


Dungeon Overview and Level Annotations

Branches:
Dungeon (15/15)            Temple (0/1) D:6            Lair (6/6) D:11
 Shoals (4/4) Lair:3        Snake (4/4) Lair:4        Slime (0/5) Lair:6
    Orc (2/2) D:11            Elf (3/3) Orc:2        Vaults (4/5) D:13
  Crypt (3/3) Vaults:2       Tomb (0/3) Crypt:3      Depths (5/5) D:15
    Zot (0/5) Depths:5

Altars:
Ashenzari
Cheibriados
Dithmenos
Elyvilon
Fedhas
Gozag
Hepliaklqana
Kikubaaqudgha
Nemelex Xobeh
Qazlal
Sif Muna
Trog
Uskayaw
Xom
Yredelemnul
The Shining One

Shops:
D:7 ?   D:8 =   D:14 }   Orc:2 [!*%   Shoals:4 }   Snake:1 }}   Depths:1 !
Depths:3 [**

Portals:
Hell: Depths:1 Depths:2 Depths:3 Depths:4 Depths:5
Abyss: Depths:4 Depths:5
Pandemonium: Depths:2 Depths:3

Annotations:
Lair:2 exclusion: downstairs
Lair:5 exclusions: downstairs and oklob plant
Zig:8 exclusion: lightning spire


Innate Abilities, Weirdness & Mutations

You have razor-sharp teeth.
You have supernaturally acute eyesight. (SInv)
You can survive without breathing.


Message History

You escape the starspawn tentacle's grasp.
You are very lightly contaminated with residual magic.
As you read the scroll of blinking, it crumbles to dust.
A cacophony of accursed wailing tears at your sanity!
* * * LOW HITPOINT WARNING * * *
You block the starspawn tentacle's attack.
You feel much better.
A cacophony of accursed wailing tears at your sanity!
* * * LOW HITPOINT WARNING * * *
You suddenly lose the ability to move!
The thrashing horror tramples you!
* * * LOW HITPOINT WARNING * * *
You are shoved backwards!
A starcursed mass splits.
The starspawn tentacle grabs you. The starspawn tentacle constricts you.
The starspawn tentacle loses its grip on you.
The tentacle pulls you backwards!
The starcursed mass engulfs you but does no damage.
The thrashing horror tramples you but does no damage.
The thrashing horror tramples you.
You die...
Kikubaaqudgha rasps: "You have failed me!
Welcome... oblivion!"

▓▓▓▓ .....
.....▓▓▓▓▓
...X.....▓
..XXX.w@X▓
..#XX/Xw.▓
....│.│..▓
8..X│X│X∩▓
....X─X\.▓
..#..X.XX▓
...X..Xw3▓
........§▓
.....▓▓▓▓▓


You could see 15 starcursed masses, 2 tentacled starspawn, a thrashing horror, a
smoke demon, 3 starspawn tentacles and a lightning spire (unaware).

Vanquished Creatures
  A juggernaut (Depths:4)
  Boris (Depths:5)
  A greater mummy (WizLab)
  Saint Roka (Crypt:1)
  Frederick (Depths:4)
  Vashnia (Snake:2)
  2 caustic shrikes
  The ghost of Jufok the Warrior, an adept OgFE of Kikubaaqudgha (Depths:1)
  A Killer Klown (Zig:5)
  2 golden dragons
  Jory (Vaults:2)
  A bone dragon (Depths:5)
  A lich (Depths:3)
  The ghost of Myrruen the Slayer, an adept MiFi of Jiyva (Shoals:3)
  Rupert (Lair:6)
  3 deep elf blademasters (Elf:3)
  2 quicksilver dragons
  3 deep elf master archers
  Polyphemus (Shoals:4)
  A shadow dragon (Depths:5)
  2 sphinxes (Depths:4)
  Kirke (Snake:2)
  2 storm dragons
  4 ancient champions
  3 tengu reavers
  9 nagarajas
  4 revenants
  9 deep elf sorcerers
  An azure jelly (Zig:2)
  10 fire giants
  4 frost giants
  An iron dragon (Depths:4)
  A balrug (Depths:2)
  Louise (Snake:1)
  6 vault wardens
  A draconian scorcher (Depths:5)
  8 ironheart preservers
  A draconian stormcaller (Zig:4)
  2 curse skulls (Crypt:3)
  A juggernaut zombie (WizLab)
  4 deep elf elementalists (Elf:3)
  A ghost moth (Crypt:3)
  A draconian annihilator (Zig:4)
  11 ghouls
  4 very ugly things
  A draconian shifter (Depths:5)
  A spriggan defender (Depths:5)
  15 stone giants
  A war gargoyle (Vaults:3)
  9 deep elf demonologists
  A juggernaut skeleton (Depths:1)
  An entropy weaver (Vaults:4)
  2 green draconians
  6 vampire knights
  7 deep elf annihilators
  A black draconian (Depths:5)
  A dire elephant (D:15)
  A spark wasp (shapeshifter) (Elf:3)
  A yellow draconian (Depths:5)
  A minotaur (Lab)
  Azrael (Orc:1)
  2 purple draconians
  A spectral titan (Crypt:3)
  A red draconian (Depths:5)
  A white draconian (Depths:5)
  7 spark wasps
  14 ettins
  4 merfolk javelineers
  A crystal guardian (Vaults:2)
  5 mummy priests (WizLab)
  7 jiangshi
  3 spectral quicksilver dragons (Crypt:3)
  10 eidola
  2 quicksilver dragon zombies (Crypt:1)
  6 deep elf death magi
  4 fire dragons
  Josephine (Lair:3)
  10 merfolk impalers
  11 yaktaur captains
  8 deep elf high priests
  12 ice dragons
  5 great orbs of eyes
  Harold (D:8)
  5 hydras
  15 naga warriors
  A spectral shadow dragon (Crypt:3)
  7 rakshasas
  8 vault guards
  A catoblepas (Shoals:4)
  3 spriggan air magi
  A quicksilver dragon skeleton (Crypt:2)
  A merfolk avatar (Shoals:1)
  6 centaur warriors
  5 alligator snapping turtles
  2 satyrs (Shoals:3)
  20 anacondas
  A spectral stone giant (Crypt:3)
  4 death knights
  4 spectral frost giants (Crypt:3)
  11 two-headed ogres
  5 merfolk aquamancers
  28 dancing weapons
  2 deep troll earth magi
  8 death yaks
  5 ogre magi
  7 vampire magi
  5 deep troll shamans
  2 spriggan berserkers (Depths:2)
  3 orc high priests
  A spectral fire giant (Crypt:3)
  4 tengu warriors
  A soul eater (Crypt:2)
  14 naga sharpshooters
  A titan zombie (Crypt:1)
  10 hell knights
  11 shock serpents
  A thrashing horror (Zig:8)
  17 deep elf knights
  A spectral storm dragon (Crypt:3)
  The ghost of Fuanat the Blocker, a novice DDFi (Lair:1)
  A titan skeleton (Depths:1)
  6 iron trolls
  3 small abominations
  4 salamander mystics
  A spectral emperor scorpion (Crypt:3)
  15 sea snakes
  A sea snake (shapeshifter) (Depths:1)
  An anaconda zombie (Crypt:2)
  26 skeletal warriors
  A wizard (Depths:3)
  8 unseen horrors
  A spectral ghost moth (Crypt:3)
  6 shadow wraiths
  A spriggan druid (Depths:1)
  An unseen horror (shapeshifter) (Vaults:3)
  7 flayed ghosts
  20 deep trolls
  An obsidian statue (Shoals:3)
  3 naga ritualists
  7 deep elf archers
  A golden dragon zombie (Crypt:2)
  A kraken simulacrum (Shoals:4)
  A swamp dragon (shapeshifter) (Depths:2)
  A lindwurm (shapeshifter) (Depths:4)
  9 ironbrand convokers
  13 harpies
  12 phantasmal warriors
  A wolf spider zombie (Crypt:1)
  A shadow dragon zombie (WizLab)
  A tengu skeleton (Depths:1)
  4 necromancers
  19 orc knights
  8 orc sorcerers
  11 fauns
  5 oklob plants
  43 ugly things
  2 spectral fire dragons (Crypt:3)
  3 large abominations
  27 salamanders
  61 deep elf magi
  4 wolf spiders
  A stone giant zombie (WizLab)
  A salamander (shapeshifter) (Vaults:4)
  11 merfolk sirens
  11 cyclopes
  15 manticores
  7 mana vipers
  A stone giant skeleton (Crypt:2)
  A worldbinder (Zig:8)
  A moth of wrath (Zig:6)
  A sphinx skeleton (Crypt:3)
  31 black mambas
  13 guardian serpents
  A rust devil (Depths:2)
  5 elephants
  2 elf zombies (WizLab)
  10 vault sentinels
  A titan simulacrum (Crypt:3)
  An orange demon (Depths:2)
  25 naga magi
  7 gargoyles
  An apocalypse crab (Zig:5)
  A storm dragon simulacrum (Crypt:3)
  6 water nymphs
  7 spiny frogs
  A rime drake (shapeshifter) (Depths:2)
  36 yaktaurs
  3 rime drakes
  An iron troll zombie (Crypt:1)
  A komodo dragon (shapeshifter) (Elf:2)
  A spriggan zombie (WizLab)
  2 yaktaur zombies (WizLab)
  A sea snake zombie (Crypt:3)
  A grey draconian zombie (Crypt:2)
  20 freezing wraiths
  6 komodo dragons
  A spectral harpy (Crypt:3)
  An ancient zyme (Zig:8)
  A spectral merfolk (Crypt:3)
  A polar bear (shapeshifter) (Depths:1)
  4 guardian mummies (WizLab)
  29 merfolk
  13 polar bears
  4 tengu conjurers
  7 trolls
  A hydra zombie (Crypt:1)
  A wolf spider simulacrum (Crypt:3)
  A raiju (shapeshifter) (Vaults:4)
  9 wind drakes
  A queen bee (shapeshifter) (Vaults:4)
  2 hornets
  A hippogriff (shapeshifter) (Vaults:2)
  A stone giant simulacrum (Crypt:3)
  14 blink frogs
  5 raiju
  2 snapping turtles (shapeshifter)
  12 hippogriffs
  An alligator zombie (Crypt:2)
  An ice dragon zombie (Crypt:1)
  30 slime creatures
  A harpy skeleton (D:14)
  8 dream sheep
  2 bog bodies
  13 snapping turtles
  4 air elementals
  3 shadows
  4 redbacks
  A ynoxinul (Zig:8)
  An alligator skeleton (Crypt:2)
  2 vampires
  9 flying skulls
  2 spriggans
  5 wyverns
  13 wraiths
  6 fire elementals
  7 hogs
  A redback (shapeshifter) (Depths:5)
  A fire dragon skeleton (Crypt:1)
  28 yaks
  17 water elementals
  6 basilisks
  2 human simulacra
  A neqoxec (Depths:2)
  2 humans
  5 chaos spawn
  10 hungry ghosts
  17 wargs
  An ogre zombie (WizLab)
  55 nagas
  An acid dragon (D:13)
  A faun zombie (Crypt:2)
  17 water moccasins
  15 hell hounds
  7 porcupines
  A floating eye (Zig:2)
  14 black bears
  35 orc warriors
  An ettin simulacrum (Crypt:3)
  3 ice beasts
  A black bear (shapeshifter) (Vaults:1)
  2 sky beasts
  14 ogres
  An ogre (shapeshifter) (Vaults:2)
  27 wolves
  An eye of draining (Zig:2)
  7 necrophages
  3 phantoms
  2 boggarts (Vaults:1)
  13 centaurs
  A hog skeleton (Crypt:3)
  14 crocodiles
  3 swamp dragon skeletons (Crypt:2)
  Blork the orc (D:4)
  3 big kobolds
  A gnoll sergeant (Orc:1)
  An elf skeleton (Crypt:3)
  7 earth elementals
  21 bullfrogs
  A wyvern skeleton (D:14)
  4 scorpions
  9 killer bees
  A spriggan skeleton (Lab)
  16 wights
  2 troll skeletons
  6 howler monkeys
  2 electric eels
  A spectral centaur (Crypt:3)
  8 crimson imps
  A bullfrog zombie (D:11)
  3 hounds
  A jelly (D:12)
  5 bullfrog skeletons
  A gnoll shaman (D:6)
  20 orc priests
  Crazy Yiuf (D:7)
  A hound (shapeshifter) (Depths:2)
  4 centaur skeletons
  6 iguanas
  24 orc wizards
  11 worker ants
  A felid zombie (Crypt:2)
  A crocodile skeleton (Crypt:3)
  A deep dwarf zombie (Crypt:3)
  2 ogre skeletons (Lab)
  A dwarf skeleton (Crypt:3)
  Robin (D:1)
  9 gnolls
  15 adders
  4 shadow imps
  An ufetubus (Vaults:3)
  5 worms
  A dart slug (D:1)
  3 leopard geckos
  88 orcs
  A giant cockroach (shapeshifter) (Vaults:3)
  4 giant cockroaches
  10 goblins
  11 hobgoblins
  6 jackals
  18 kobolds
  7 quokkas
  4 ball pythons
  3 bats (D:1)
  2 frilled lizards
  A hobgoblin zombie (Crypt:1)
  A kobold zombie (Crypt:1)
  A leopard gecko zombie (Crypt:1)
  7 rats
  8 plants
  A starspawn tentacle (Zig:8)
  2 tentacles
2019 creatures vanquished.

Vanquished Creatures (collateral kills)
  A juggernaut (Depths:4)
  Margery (Depths:3)
  A tentacled monstrosity (Depths:4)
  2 shadow dragons (Depths:4)
  A slime creature (Depths:4)
  A great orb of eyes (Vaults:1)
  A centaur warrior (Depths:1)
  A deep troll shaman (Depths:4)
  An orc sorcerer (Vaults:1)
  A yaktaur (Vaults:1)
  A boggart (Vaults:1)
12 creatures vanquished.

Vanquished Creatures (others)
  A deep elf master archer (Elf:3)
  A stone giant (Zig:6)
  A merfolk javelineer (Shoals:4)
  A yaktaur captain (Depths:5)
  A deep elf knight (Elf:2)
  A deep elf archer (Elf:2)
  A salamander (Snake:3)
  A guardian serpent (Snake:4)
  A yaktaur (Depths:2)
  A merfolk (Shoals:4)
  A centaur (Vaults:4)
  An orc wizard (D:5)
  3 fire vortices
  11 fungi
  19 plants
  A starspawn tentacle (Zig:8)
  9 tentacles
55 creatures vanquished.

Grand Total: 2086 creatures vanquished

Notes
Turn   | Place    | Note
-------+----------+-------------------------------------------
     0 | D:1      | removed the Vampire Fire Elementalist began the quest for the Orb.
     0 | D:1      | Reached XP level 1. HP: 13/13 MP: 3/3
   244 | D:1      | Reached skill level 1 in Conjurations
   704 | D:1      | Reached XP level 2. HP: 11/19 MP: 0/5
  1197 | D:1      | You fall through a shaft!
  1692 | D:2      | Reached XP level 3. HP: 24/24 MP: 2/6
  2427 | D:2      | Found a shattered altar of Ashenzari.
  2543 | D:2      | Reached XP level 4. HP: 21/30 MP: 4/7
  3292 | D:2      | Noticed Robin
  3325 | D:1      | Killed Robin
  3454 | D:1      | Learned a level 3 spell: Conjure Flame
  3475 | D:2      | Reached skill level 1 in Fighting
  3970 | D:3      | Reached XP level 5. HP: 37/38 MP: 4/9
  4358 | D:4      | Found a white marble altar of Elyvilon.
  4425 | D:4      | Noticed an ogre
  4732 | D:5      | Entered Level 5 of the Dungeon
  4732 | D:5      | Noticed a black bear
  4785 | D:4      | Killed an ogre
  4785 | D:4      | Reached XP level 6. HP: 44/44 MP: 0/11
  5242 | D:4      | Noticed Sigmund
  5249 | D:4      | Noticed Sigmund
  5249 | D:4      | Sigmund changed into Sigmund the worm
  5269 | D:4      | Killed Sigmund the worm
  5367 | D:4      | Reached XP level 7. HP: 42/50 MP: 3/13
  5551 | D:4      | Noticed Blork the orc
  5598 | D:4      | Found a bloodstained altar of Trog.
  5833 | D:5      | Found an ancient bone altar of Kikubaaqudgha.
  5841 | D:5      | Became a worshipper of Kikubaaqudgha
  6260 | D:5      | Reached skill level 5 in Spellcasting
  6754 | D:5      | Reached XP level 8. HP: 57/57 MP: 10/15
  6833 | D:5      | Found a basalt altar of Yredelemnul.
  7482 | D:6      | Learned a level 4 spell: Sticky Flame
  7536 | D:6      | Noticed a hand axe
  7537 | D:6      | Noticed a dagger
  7618 | D:6      | Found a snail-covered altar of Cheibriados.
  7692 | D:6      | Found a hide-covered altar of Uskayaw.
  7894 | D:6      | Found a staircase to the Ecumenical Temple.
  7966 | D:7      | Reached skill level 5 in Dodging
  8037 | D:7      | Reached * piety under Kikubaaqudgha
  8037 | D:7      | Identified Kikubaaqudgha's Reference Book on Stolen Souls (Kikubaaqudgha gifted it to you on level 7 of the Dungeon)
  8037 | D:7      | Received a gift from Kikubaaqudgha
  8127 | D:7      | Found a hazy altar of Hepliaklqana.
  8202 | D:7      | Noticed a hippogriff
  8250 | D:7      | Killed a hippogriff
  8327 | D:7      | Reached skill level 5 in Fire Magic
  8327 | D:7      | Reached XP level 9. HP: 28/65 MP: 1/16
  8599 | D:6      | Reached skill level 5 in Conjurations
  8862 | D:7      | Found Opir's Magic Scroll Shoppe.
  8876 | D:7      | Reached skill level 1 in Long Blades
  9388 | D:7      | Found a runed door.
  9586 | D:7      | Noticed Crazy Yiuf
  9593 | D:7      | Killed Crazy Yiuf
  9593 | D:7      | Reached skill level 5 in Long Blades
  9691 | D:7      | Bought a scroll of teleportation for 42 gold pieces
  9691 | D:7      | Bought a scroll of enchant weapon for 105 gold pieces
  9691 | D:7      | Bought a scroll of enchant armour for 105 gold pieces
  9691 | D:7      | Bought a scroll of identify for 28 gold pieces
  9998 | D:8      | Found a deep blue altar of Sif Muna.
 10009 | D:8      | Reached ** piety under Kikubaaqudgha
 10278 | D:8      | Reached skill level 5 in Fighting
 10450 | D:8      | Noticed Harold
 10471 | D:8      | Killed Harold
 10471 | D:8      | Reached XP level 10. HP: 34/74 MP: 17/17
 10906 | D:8      | Found Luav's Jewellery Shop.
 11382 | D:4      | Killed Blork the orc
 11885 | D:9      | Found a glowing golden altar of the Shining One.
 11885 | D:9      | Found a shimmering altar of Xom.
 11890 | D:9      | Found a faded altar of an unknown god.
 11892 | D:9      | Found a stormy altar of Qazlal.
 11894 | D:9      | Found a sparkling altar of Nemelex Xobeh.
 12145 | D:9      | Found a shadowy altar of Dithmenos.
 12282 | D:9      | Found an opulent altar of Gozag.
 13041 | D:10     | Entered Level 10 of the Dungeon
 13153 | D:10     | Noticed a deep elf mage
 13157 | D:10     | Killed a deep elf mage
 13391 | D:10     | Learned a level 2 spell: Blink
 13529 | D:10     | Reached *** piety under Kikubaaqudgha
 13529 | D:10     | Identified Kikubaaqudgha's Disquisition on Black Secrets (Kikubaaqudgha gifted it to you on level 10 of the Dungeon)
 13529 | D:10     | Received a gift from Kikubaaqudgha
 13663 | D:10     | Noticed an unseen horror
 13670 | D:10     | Killed an unseen horror
 13670 | D:10     | Reached skill level 10 in Long Blades
 13929 | D:11     | Reached skill level 1 in Translocations
 13929 | D:11     | Reached XP level 11. HP: 44/79 MP: 8/18
 13931 | D:11     | Noticed a white ugly thing
 14810 | D:11     | Found a staircase to the Lair.
 15510 | D:11     | Noticed a six-headed hydra
 15527 | D:11     | Found a staircase to the Orcish Mines.
 16267 | D:11     | Killed a white ugly thing
 16361 | Lair:1   | Entered Level 1 of the Lair of Beasts
 16507 | Lair:1   | Learned a level 2 spell: Swiftness
 16511 | Lair:1   | Learned a level 3 spell: Regeneration
 16622 | Lair:1   | Found a runed door.
 17341 | Lair:1   | Noticed Fuanat's ghost (novice DDFi)
 17440 | Lair:2   | Reached **** piety under Kikubaaqudgha
 19066 | Lair:3   | Reached XP level 12. HP: 92/92 MP: 17/21
 19088 | Lair:3   | Found a labyrinth entrance.
 19108 | Lab      | Entered a labyrinth
 20374 | Lab      | Noticed a minotaur
 20404 | Lab      | Killed a minotaur
 20608 | Lair:3   | Reached skill level 10 in Dodging
 20800 | Lair:3   | Noticed a seven-headed hydra
 20939 | Lair:3   | Found a staircase to the Shoals.
 22099 | Lair:4   | Found a staircase to the Snake Pit.
 22237 | Lair:4   | Noticed Josephine
 22276 | Lair:3   | Killed Josephine
 22537 | Lair:4   | Reached skill level 1 in Necromancy
 22556 | Lair:4   | Reached ***** piety under Kikubaaqudgha
 22628 | Lair:4   | Found a snail-covered altar of Cheibriados.
 22702 | Lair:5   | Reached skill level 2 in Necromancy
 22742 | Lair:5   | Reached skill level 3 in Necromancy
 22778 | Lair:5   | Reached XP level 13. HP: 98/98 MP: 18/22
 22892 | Lair:5   | Reached skill level 4 in Necromancy
 23019 | Lair:5   | Reached skill level 5 in Necromancy
 23037 | Lair:5   | Found a blossoming altar of Fedhas.
 23169 | Lair:5   | Reached skill level 6 in Necromancy
 24248 | Lair:6   | Entered Level 6 of the Lair of Beasts
 24258 | Lair:6   | Reached skill level 7 in Necromancy
 24261 | Lair:6   | Got a heavily jewelled robe
 24597 | Lair:6   | Noticed Rupert
 24764 | D:11     | Identified a scroll of acquirement
 24847 | D:8      | Bought the amulet of Yclik {Faith rF++ rC+} for 929 gold pieces
 24850 | D:8      | Bought the ring "Xewniet" {MR+ MP+9 SInv} for 604 gold pieces
 24862 | D:8      | Identified the +1 robe of the Blizzard {rElec rPois rN+ Str-2} (You found it on level 6 of the Lair of Beasts)
 25384 | D:12     | Reached skill level 8 in Necromancy
 25748 | D:12     | Reached skill level 9 in Necromancy
 26244 | D:12     | Learned a level 5 spell: Dispel Undead
 26266 | Orc:1    | Entered Level 1 of the Orcish Mines
 26493 | Orc:1    | Reached skill level 10 in Necromancy
 26710 | Orc:2    | Entered Level 2 of the Orcish Mines
 26741 | Orc:2    | Noticed Azrael
 26758 | Orc:1    | Reached skill level 1 in Shields
 27030 | Orc:1    | Killed Azrael
 27947 | Orc:1    | Noticed an ettin
 28011 | Orc:1    | Killed an ettin
 29108 | Orc:1    | Reached skill level 5 in Shields
 29323 | Orc:1    | Reached ****** piety under Kikubaaqudgha
 29325 | Orc:1    | Identified a +6 demon blade of pain (a +4 demon blade of slicing bloodied by Kikubaaqudgha)
 29325 | Orc:1    | Received a gift from Kikubaaqudgha
 29615 | Orc:2    | Reached XP level 14. HP: 85/105 MP: 23/23
 30013 | Orc:2    | Found a staircase to the Elven Halls.
 30866 | Orc:2    | Paralysed by an orc sorcerer for 2 turns
 31021 | Orc:2    | Found Meidd's Food Boutique.
 31025 | Orc:2    | Found Worchifuq's Distillery.
 31031 | Orc:2    | Found Tucs's Armour Emporium.
 31033 | Orc:2    | Found Taroder's Assorted Antiques.
 31072 | Orc:2    | Bought a potion of haste for 140 gold pieces
 31072 | Orc:2    | Bought a potion of curing for 42 gold pieces
 31296 | Orc:2    | Bought a scroll of enchant armour for 285 gold pieces
 31446 | D:13     | Reached skill level 1 in Armour
 33630 | D:13     | Found a gate to the Vaults.
 34207 | D:14     | Found Tisotso's Gadget Shoppe.
 34717 | Lair:1   | Killed Fuanat's ghost
 35054 | Lair:5   | Reached skill level 11 in Necromancy
 35684 | Lair:6   | Reached XP level 15. HP: 109/113 MP: 27/27
 35823 | Lair:6   | Killed Rupert
 35823 | Lair:6   | Reached skill level 12 in Necromancy
 36271 | Lair:6   | Learned a level 1 spell: Apportation
 37056 | D:15     | Entered Level 15 of the Dungeon
 37229 | D:15     | Reached skill level 13 in Necromancy
 37478 | D:15     | Found the brooch of Shielding {Reflect SH+8}
 37724 | D:15     | Found a stormy altar of Qazlal.
 37858 | D:15     | Learned a level 5 spell: Borgnjor's Vile Clutch
 38109 | D:15     | Found a staircase to the Depths.
 38447 | Snake:1  | Entered Level 1 of the Snake Pit
 38462 | Lair:4   | Learned a level 5 spell: Bolt of Draining
 38473 | Snake:1  | Noticed Louise
 38566 | Snake:1  | Killed Louise
 38566 | Snake:1  | Reached skill level 14 in Necromancy
 39056 | Snake:1  | You fall through a shaft!
 39681 | Snake:1  | Reached skill level 1 in Earth Magic
 40498 | Snake:1  | Found Feenup's Jewellery Boutique.
 40499 | Snake:1  | Found Kuagent's Gadget Emporium.
 40499 | Snake:1  | Found Mowkar's Gadget Emporium.
 40875 | Snake:2  | Noticed Kirke
 41125 | Snake:2  | Noticed Vashnia
 41126 | Snake:2  | Killed Kirke
 41126 | Snake:2  | Reached skill level 5 in Earth Magic
 41245 | Snake:2  | Killed Vashnia
 41554 | Snake:2  | Reached XP level 16. HP: 120/120 MP: 29/29
 41966 | Snake:2  | Reached skill level 15 in Necromancy
 42426 | Snake:3  | Got a steaming ring mail
 42440 | Snake:2  | Identified the +2 ring mail of the City {Int+4} (You found it on level 3 of the Snake Pit)
 43403 | Snake:3  | Reached skill level 5 in Armour
 44397 | Snake:3  | Got a translucent morningstar
 44831 | Snake:4  | Entered Level 4 of the Snake Pit
 44850 | Snake:4  | Reached skill level 10 in Fighting
 45315 | Snake:4  | Found a runed gate.
 45315 | Snake:4  | Found a runed gate.
 45315 | Snake:4  | Found a runed gate.
 46550 | Snake:4  | Reached XP level 17. HP: 105/128 MP: 30/30
 47173 | Snake:4  | Reached skill level 10 in Spellcasting
 48527 | Snake:4  | Got a serpentine rune of Zot
 49057 | Shoals:1 | Entered Level 1 of the Shoals
 49339 | Shoals:1 | Reached skill level 16 in Necromancy
 50741 | Shoals:2 | Reached XP level 18. HP: 138/138 MP: 33/33
 50835 | Shoals:3 | Found a runed gate.
 50836 | Shoals:3 | Found an opulent altar of Gozag.
 50837 | Shoals:3 | Found a runed gate.
 50837 | Shoals:3 | Found a runed gate.
 51419 | Shoals:3 | Noticed Myrruen's ghost (adept MiFi)
 52054 | Shoals:3 | Killed Myrruen's ghost
 52064 | Shoals:3 | Reached skill level 15 in Dodging
 52254 | Shoals:4 | Entered Level 4 of the Shoals
 52384 | Shoals:4 | Reached skill level 1 in Charms
 52419 | Shoals:4 | Reached skill level 1 in Air Magic
 52821 | Shoals:4 | Found Qesuw's Gadget Shoppe.
 53062 | Shoals:4 | Got a crystal longbow
 53925 | Shoals:4 | Reached skill level 5 in Charms
 54100 | Shoals:4 | Reached skill level 5 in Air Magic
 54141 | Shoals:4 | Noticed Polyphemus
 54230 | Shoals:4 | Killed Polyphemus
 54527 | Shoals:4 | Got a barnacled rune of Zot
 54559 | Shoals:4 | Got a flickering iron ring
 54561 | Shoals:4 | Identified the ring "Yfomeb" {*Corrode rF+ rN+ SInv} (You found it on level 4 of the Shoals)
 54966 | Elf:1    | Entered Level 1 of the Elven Halls
 55184 | Elf:1    | Learned a level 6 spell: Deflect Missiles
 56494 | Elf:1    | Reached XP level 19. HP: 111/143 MP: 14/34
 56612 | Elf:1    | Identified Worghixt's Guide on Combat Magic
 57141 | Elf:2    | Got a scorched buckler
 57152 | Elf:2    | Identified the +2 buckler of Peetu {Int+3} (You acquired it on level 2 of the Elven Halls)
 57191 | Elf:2    | Found a runed gate.
 57191 | Elf:2    | Found a runed gate.
 57191 | Elf:2    | Found a runed gate.
 58641 | Elf:2    | Reached skill level 10 in Charms
 59133 | Vaults:1 | Entered Level 1 of the Vaults
 59287 | Vaults:1 | Reached skill level 10 in Air Magic
 60040 | Vaults:1 | Found a portal to a secret trove of treasure.
 61445 | Vaults:2 | Reached XP level 20. HP: 153/153 MP: 35/35
 61942 | Vaults:2 | Noticed Jory
 61964 | Vaults:2 | Killed Jory
 62699 | Vaults:2 | Found a staircase to the Crypt.
 63410 | Vaults:3 | Got a transparent morningstar
 64495 | Vaults:3 | Found the +18 shield of the Gong {rElec rN+ MR+ EV-5}
 65120 | Vaults:4 | Reached skill level 17 in Necromancy
 65941 | Crypt:1  | Entered Level 1 of the Crypt
 65950 | Crypt:1  | Noticed Saint Roka
 65968 | Crypt:1  | Killed Saint Roka
 66290 | Crypt:1  | Reached XP level 21. HP: 150/162 MP: 22/38
 66399 | Crypt:1  | Reached skill level 18 in Necromancy
 66817 | Crypt:1  | Got a jewelled flail
 69594 | Crypt:3  | Entered Level 3 of the Crypt
 70224 | Crypt:3  | Found a staircase to the Tomb.
 70542 | Crypt:3  | Got a transparent chain mail
 71921 | Crypt:3  | Reached XP level 22. HP: 173/173 MP: 5/40
 72533 | Crypt:3  | Identified Sif Muna's Almanac of Shape Shifting
 72547 | Crypt:3  | Got a crude spear
 72560 | Crypt:3  | Got a warped iron ring
 72563 | Crypt:3  | Got a slimy lead ring
 72565 | Crypt:3  | Identified the ring of Vaaxt {rF+ rC+} (You found it on level 3 of the Crypt)
 72567 | Crypt:3  | Identified the ring "Asme" {rElec SInv} (You found it on level 3 of the Crypt)
 72602 | Crypt:3  | Identified the Collected Works on Evil
 73075 | Vaults:1 | You paid a toll of a +6 demon trident to enter a treasure trove
 73076 | Trove    | Entered a treasure trove
 73082 | Trove    | Got a twisted buckler
 73090 | Trove    | Got a steaming shield
 73092 | Trove    | Got a pair of pitted boots
 73094 | Trove    | Got a translucent chain mail
 73097 | Trove    | Got an ancient chain mail
 73100 | Trove    | Got an encrusted cloak
 73112 | Trove    | Identified the +0 cloak of Ceyzo {Str+2} (You found it in a treasure trove)
 73134 | Trove    | Identified the +4 pair of boots of Ofung {rCorr Str+6} (You found it in a treasure trove)
 73145 | Trove    | Identified the +0 buckler "Rerchi" {MP+9} (You found it in a treasure trove)
 73155 | Trove    | Identified the +3 shield "Earthly Heaven" {Str+4 SInv} (You found it in a treasure trove)
 73165 | Trove    | Identified the +1 chain mail "Naluz" {rN+ Int+2} (You found it in a treasure trove)
 73175 | Trove    | Identified the +7 chain mail of Disaster {rF+} (You found it in a treasure trove)
 73595 | Elf:3    | Entered Level 3 of the Elven Halls
 73885 | Elf:3    | Reached skill level 15 in Fighting
 74350 | Elf:3    | Got a glittering pewter ring
 74669 | Elf:3    | Got an iridescent trident {flame}
 74720 | Elf:3    | Got smoking acid dragon scales
 74739 | Elf:3    | Got a shimmering ivory ring
 74739 | Elf:3    | Got a pitted leather armour
 74755 | Elf:3    | Identified the ring of Poopn {Int+5 Dex+5} (You took it off a deep elf demonologist on level 3 of the Elven Halls)
 74757 | Elf:3    | Identified the ring "Xoiz" {*Tele rC+ Int+4} (You took it off a deep elf demonologist on level 3 of the Elven Halls)
 74823 | Elf:3    | Identified the Reference Book on Unstable Creation
 74837 | Elf:3    | Identified the +3 acid dragon scales "Isogaker" {+Inv rCorr} (You took it off a deep elf high priest on level 3 of the Elven Halls)
 74847 | Elf:3    | Identified the cursed +0 leather armour of the Sky {Dex+4} (You took it off a deep elf sorcerer on level 3 of the Elven Halls)
 74860 | Elf:3    | Identified Sif Muna's Grimoire of Talismans and Stolen Souls
 74883 | Elf:3    | Got a polished plate armour
 74921 | Elf:3    | Identified the cursed +0 plate armour "Yrrikeusch" {rPois MR- Dex+6 SInv} (You found it on level 3 of the Elven Halls)
 75176 | Elf:3    | Learned a level 7 spell: Haunt
 75775 | Lair:4   | Reached skill level 1 in Summonings
 76149 | Lair:6   | Found a staircase to the Slime Pits.
 76443 | Depths:1 | Entered Level 1 of the Depths
 76473 | Depths:1 | Found a gateway to Hell.
 76502 | Depths:1 | Found a gateway to a ziggurat.
 76661 | Depths:1 | Reached skill level 5 in Summonings
 76686 | Depths:1 | Found Hiebb's Distillery.
 77660 | Depths:1 | Found a shimmering altar of Xom.
 77660 | Depths:1 | Noticed Jufok's ghost (adept OgFE)
 77661 | Depths:1 | Found a runed door.
 77772 | Depths:1 | Killed Jufok's ghost
 78460 | Depths:2 | Reached XP level 23. HP: 184/184 MP: 38/41
 78592 | Depths:2 | Found a one-way gate leading to the halls of Pandemonium.
 78823 | Depths:2 | Reached skill level 10 in Summonings
 78874 | Depths:2 | Paralysed by a vampire knight for 5 turns
 79257 | Depths:2 | Noticed a caustic shrike
 79264 | Depths:2 | Killed a caustic shrike
 79457 | Depths:2 | Got a pitted spear
 79461 | Depths:2 | Got a faintly glowing war axe
 79465 | Depths:2 | Got a scorched rapier
 79865 | Depths:3 | Found a magical portal.
 79870 | WizLab   | Entered Doroklohe's Tomb
 80301 | WizLab   | Noticed a greater mummy
 80310 | WizLab   | Killed a greater mummy
 81179 | Depths:3 | Reached skill level 10 in Shields
 81298 | Depths:3 | Found an opulent altar of Gozag.
 81300 | Depths:3 | Found Gozag's Assorted Antiques.
 81302 | Depths:3 | Found Gozag's Antique Armour Shoppe.
 81303 | Depths:3 | Found Gozag's Assorted Antiques.
 81702 | Depths:3 | Noticed Margery
 81713 | Depths:3 | Killed Margery
 82296 | Depths:4 | Noticed a juggernaut
 82313 | Depths:4 | Killed a juggernaut
 82455 | Depths:4 | Noticed a caustic shrike
 82466 | Depths:4 | Killed a caustic shrike
 82494 | Depths:4 | Noticed a juggernaut
 82532 | Depths:4 | Killed a juggernaut
 83176 | Depths:4 | Reached XP level 24. HP: 123/191 MP: 41/41
 83304 | Depths:4 | Noticed Frederick
 83316 | Depths:4 | Killed Frederick
 83452 | Depths:4 | Found a one-way gate to the infinite horrors of the Abyss.
 83758 | Depths:3 | Got an ebony quarterstaff
 83782 | Depths:5 | Entered Level 5 of the Depths
 83787 | Depths:5 | Noticed Boris
 83794 | Depths:5 | Killed Boris
 84559 | Depths:5 | Reached skill level 15 in Shields
 84581 | Depths:5 | Found a gate to the Realm of Zot.
 85000 | Depths:5 | Reached skill level 15 in Spellcasting
 85207 | Zig:1    | Entered Level 1 of a ziggurat
 85230 | Zig:1    | Got a transparent spear
 85245 | Zig:2    | Entered Level 2 of a ziggurat
 85262 | Zig:2    | Got a vibrating ivory ring
 85271 | Zig:2    | Identified the ring "Qenut" {rN+ Dex+8 SInv} (You found it on level 2 of a ziggurat)
 85273 | Zig:3    | Entered Level 3 of a ziggurat
 85295 | Zig:3    | Got a crystal scythe
 85358 | Zig:4    | Entered Level 4 of a ziggurat
 85404 | Zig:4    | Got a brightly glowing plate armour
 85405 | Zig:4    | Identified the +0 plate armour "Pagiyc" {rElec Str+4 SInv} (You found it on level 4 of a ziggurat)
 85415 | Zig:5    | Entered Level 5 of a ziggurat
 85534 | Zig:6    | Entered Level 6 of a ziggurat
 85663 | Zig:6    | Got a fine quarterstaff
 85666 | Zig:6    | Got a jewelled dire flail
 85710 | Zig:7    | Entered Level 7 of a ziggurat
 85751 | Zig:7    | Got a bloodstained shortbow
 85752 | Zig:7    | Identified the Grimoire of Creative Confrontation
 85760 | Zig:7    | Got a translucent silver ring
 85769 | Zig:7    | Got a faintly glowing pewter ring
 85774 | Zig:7    | Identified the ring of Nemelex Xobeh's Envy {+Inv Str+3 Int+5 Slay-3} (You found it on level 7 of a ziggurat)
 85776 | Zig:7    | Identified the ring "Metahisch" {Str+4 Int+4} (You found it on level 7 of a ziggurat)
 85791 | Zig:8    | Entered Level 8 of a ziggurat
 85820 | Zig:8    | Reached skill level 19 in Necromancy
 85821 | Zig:8    | Paralysed by accursed screaming for 1 turns
 85837 | Zig:8    | Paralysed by accursed screaming for 2 turns
 85841 | Zig:8    | HP: 8/191 [starcursed mass/accursed screaming (18)]
 85842 | Zig:8    | Paralysed by accursed screaming for 2 turns
 85842 | Zig:8    | HP: 3/191 [thrashing horror (7)]
 85843 | Zig:8    | Slain by a thrashing horror

Skill      XL: |  1  2  3  4  5  6  7  8  9 10 11 12 13 14 15 16 17 18 19 20 21 22 23 24 |
---------------+-------------------------------------------------------------------------+-----
Conjurations   | 1 2 3 4 5 6 7 |  7.0
Fire Magic     | 3 4 5 |  5.1
Spellcasting   | 3 4 5 6 8 9 11 13 14 15 | 15.0
Fighting       | 1 2 4 5 8 9 10 11 12 13 14 16 | 16.1
Dodging        | 3 5 7 10 11 12 13 15 17 | 17.0
Long Blades    | 7 10 12 14 | 14.0
Translocations | 1 2 3 |  3.0
Necromancy     | 3 10 11 14 15 16 17 18 19 | 19.0
Shields        | 5 12 15 | 15.0
Armour         | 4 6 |  6.6
Earth Magic    | 5 7 8 |  8.0
Charms         | 7 12 | 12.0
Air Magic      | 7 10 | 10.0
Summonings     | 8 10 | 10.0
Stealth        | |  3.0

Action                   |  1- 3 |  4- 6 |  7- 9 | 10-12 | 13-15 | 16-18 | 19-21 | 22-24 || total
-------------------------+-------+-------+-------+-------+-------+-------+-------+-------++-------
Melee: Dagger            |    35 |    38 |       |       |       |       |       |       ||    73
       Bite              |     3 |     4 |    13 |    85 |   187 |   122 |   137 |   194 ||   745
       War axe           |       |       |    50 |       |       |       |       |       ||    50
       Scimitar          |       |       |    68 |    46 |       |       |       |       ||   114
       Demon blade       |       |       |       |   613 |  1466 |  1210 |   912 |  1018 ||  5219
 Fire: Blowgun           |       |       |       |     4 |    17 |       |       |       ||    21
Throw: Throwing net      |       |       |       |       |     2 |       |       |       ||     2
 Cast: Flame Tongue      |    80 |   120 |   235 |   104 |    20 |       |       |       ||   559
       Conjure Flame     |       |     4 |    14 |    14 |     4 |       |       |       ||    36
       Sticky Flame      |       |       |     1 |    40 |    65 |    12 |     5 |       ||   123
       Regeneration      |       |       |       |       |    31 |    36 |    11 |    26 ||   104
       Blink             |       |       |       |       |     9 |       |       |     2 ||    11
       Dispel Undead     |       |       |       |       |    13 |     5 |   268 |   119 ||   405
       Bolt of Draining  |       |       |       |       |    19 |   140 |    69 |    61 ||   289
       Borgnjor's Vile C |       |       |       |       |     6 |   127 |   174 |   141 ||   448
       Deflect Missiles  |       |       |       |       |       |       |     3 |     5 ||     8
       Haunt             |       |       |       |       |       |       |       |    25 ||    25
Invok: Brand Weapon With |       |       |       |       |     1 |       |       |       ||     1
       Receive Corpses   |       |       |       |       |       |       |     1 |     1 ||     2
 Abil: End Transformatio |       |     1 |       |       |       |       |       |       ||     1
       Bat Form          |       |     1 |       |       |       |       |       |       ||     1
Evoke: Wand              |       |     1 |     6 |     5 |    31 |     2 |     2 |     2 ||    49
  Use: Potion            |     4 |     6 |    14 |    50 |    78 |    95 |    78 |    49 ||   374
       Scroll            |       |     1 |     6 |    23 |    19 |     5 |     6 |    19 ||    79
 Stab: Sleeping          |       |       |     2 |    14 |    17 |     1 |     3 |     7 ||    44
       Distracted        |       |       |       |     1 |     4 |     3 |     2 |     4 ||    14
       Paralysed         |       |       |       |       |     6 |       |       |       ||     6
Armor: Robe              |     6 |    10 |    28 |    81 |       |       |       |       ||   125
       Leather armour    |       |       |       |    29 |   136 |       |       |       ||   165
       Acid dragon scale |       |       |       |       |   180 |   253 |   163 |   149 ||   745
Dodge: Dodged            |    33 |    58 |   174 |   507 |   904 |   616 |   556 |   556 ||  3404
       Deflected         |       |       |       |       |       |       |    24 |    44 ||    68
Block: Buckler           |       |       |       |       |   293 |   709 |   665 |   507 ||  2174
       Reflection        |       |       |       |       |    12 |    98 |    56 |    47 ||   213
       Shield            |       |       |       |       |       |       |       |   190 ||   190
       Rpst.: Scimitar   |       |       |    23 |    12 |       |       |       |       ||    35
       Demon blade       |       |       |       |   122 |   214 |   121 |    96 |    82 ||   635
